 Dungeon Crawl Stone Soup version 0.22-a0-596-gfbd32a6 (webtiles) character file.

9550 Supahsalami the Thaumaturge (level 11, -2/79 HPs)
             Began as a Red Draconian Fire Elementalist on July 5, 2018.
             Was an Elder of Vehumet.
             Slain by a wyvern (6 damage)
             ... on level 10 of the Dungeon.
             The game lasted 01:53:36 (16664 turns).

Supahsalami the Thaumaturge (DrFE)                 Turns: 16664, Time: 01:53:37

Health: -2/79      AC: 14    Str: 10    XL:     11   Next: 24%
Magic:  0/25       EV: 14    Int: 20    God:    Vehumet [****..]
Gold:   446        SH:  0    Dex: 11    Spells: 6/30 levels left

rFire    + . .     SeeInvis .   h - +0 trident (curse)
rCold    . . .     Gourm    .   (no shield)
rNeg     . . .     Faith    .   (armour unavailable)
rPois    .         Spirit   +   (helmet restricted)
rElec    .         Reflect  .   w - +2 cloak
rCorr    +         Harm     .   (no gloves)
MR       .....                  (no boots)
Stlth    +++.......             z - amulet of guardian spirit
HPRegen  0.23/turn              q - +4 ring of protection
MPRegen  0.19/turn              t - ring of resist corrosion

@: short of breath, drained
A: breathe fire, unfitting armour, fire resistance 1, cold-blooded, AC +7
a: Breathe Fire, Renounce Religion


You were on level 10 of the Dungeon.
You worshipped Vehumet.
Vehumet was greatly pleased with you.
You were hungry.

You visited 2 branches of the dungeon, and saw 11 of its levels.

You collected 446 gold pieces.

Inventory:

Hand Weapons
 h - a cursed +0 trident (weapon)
 u - a cursed -1 dagger
 v - a +3 quarterstaff of chaos
 B - a +1 short sword of venom
 M - a +1 quarterstaff of draining
Missiles
 i - 19 tomahawks
 l - 2 javelins (quivered)
 A - 2 tomahawks of returning
 I - a throwing net
Armour
 w - a +2 cloak (worn)
Jewellery
 a - a +1 ring of slaying
 n - an uncursed ring of ice
 p - an uncursed ring of flight
 q - a +4 ring of protection (left hand)
 t - a ring of resist corrosion (right hand)
 z - an amulet of guardian spirit (around neck)
 F - an uncursed ring of stealth
 H - an uncursed ring of fire
Wands
 r - a wand of random effects (64)
 L - a wand of disintegration (14)
Scrolls
 c - 2 scrolls of amnesia
 e - 3 scrolls of remove curse
 f - a scroll of teleportation {unknown}
 g - a scroll of random uselessness {unknown}
 j - 3 scrolls of magic mapping {unknown}
 s - 2 scrolls of enchant armour {unknown}
 x - 2 scrolls of fog {unknown}
 y - a scroll of noise {unknown}
 C - 2 scrolls of holy word {unknown}
 E - 4 scrolls of identify
 G - a scroll of enchant weapon {unknown}
Potions
 d - 2 potions of mutation
 k - 2 potions of curing
 m - a potion of brilliance
 o - 2 potions of might
 D - a potion of flight
 K - a potion of haste
Comestibles
 b - 12 rations


   Skills:
 + Level 2.3(1.3) Fighting
 + Level 5.7(4.6) Dodging
 - Level 6.0(4.9) Stealth
 + Level 10.1(8.9) Spellcasting
 + Level 7.9(6.7) Conjurations
 - Level 10.0(8.7) Fire Magic


You had 6 spell levels left.
You knew the following spells:

 Your Spells              Type           Power        Failure   Level  Hunger
a - Flame Tongue          Conj/Fire      #####        1%          1    None
b - Throw Flame           Conj/Fire      #####.       1%          2    None
c - Conjure Flame         Conj/Fire      #####...     1%          3    None
d - Sticky Flame          Conj/Fire      #####...     1%          4    ###....
e - Magic Dart            Conj           ####         1%          1    None
f - Inner Flame           Hex/Fire       ####....     1%          3    None
g - Fireball              Conj/Fire      #####.....   2%          5    #####..
h - Venom Bolt            Conj/Pois      ###.......   14%         5    #####..

Your spell library contained the following spells:

 Spells                   Type           Power        Failure   Level  Hunger


Dungeon Overview and Level Annotations

Branches:
Dungeon (10/15)            Temple (1/1) D:4            Lair (0/6) D:8
    Orc: D:9-12

Altars:
Ashenzari
Cheibriados
Dithmenos
Elyvilon
Fedhas
Gozag
Hepliaklqana
Kikubaaqudgha
Makhleb
Nemelex Xobeh
Okawaru
Qazlal
Ru
Sif Muna
Trog
Uskayaw
Vehumet
Wu Jian
Xom
Yredelemnul
Zin
The Shining One

Shops:
D:5 :

Annotations:
D:4 Dowan, Duvessa
D:6 Prince Ribbit
D:9 2 transporters, Psyche
D:10 Josephine


Innate Abilities, Weirdness & Mutations

You can breathe blasts of fire.
Your fiery red scales are hard. (AC +7)
You cannot fit into any form of body armour.
Your flesh is heat resistant. (rF+)
You are cold-blooded and may be slowed by cold attacks.


Message History

The fiery breath hits the hornet.
The hornet is heavily wounded.
You feel somewhat more hungry.
You feel sick. The wyvern bites you.
* * * LOW HITPOINT WARNING * * *
The wyvern misses you.
You feel sick. The wyvern bites you!
* * * LOW HITPOINT WARNING * * *
The wyvern closely misses you.
You feel better. The wyvern bites you!
* * * LOW HITPOINT WARNING * * *
The wyvern misses you.
Aiming: Disintegrate
Press: ? - help, Shift-Dir - straight line, f - wyvern
Aim: a wyvern (lightly wounded, chance to defeat MR: 65%)
The wyvern is blasted.
You feel yourself speed up. The wyvern bites you!
* * * LOW HITPOINT WARNING * * *
The wyvern misses you. The wyvern bites you!
You die...

...
.##########
#..
...........
#.####
######.#.#
#.#.. #.#.#
#.#.# #.#.#
#ยง#.#
#.#.. #<..#
# #.#..
#l####....
#.#..
#.@.......
#.#..
#.########
#.#.. #..
#.#.# #.#.
#.#.# #....
#.#.# #..
## #.#.#
#.. #.#.#
####
######.#..
......ggg.#


You could see a wyvern.

Vanquished Creatures
  A two-headed ogre (D:9)
  A flayed ghost (D:9)
  Joseph (D:9)
  A hornet (D:8)
  A hippogriff (D:9)
  A shadow (D:9)
  2 wyverns (D:9)
  5 fire bats (D:9)
  4 wraiths (D:9)
  2 hungry ghosts
  3 porcupines
  4 orc warriors
  2 ice beasts
  3 sky beasts
  5 phantoms
  A necrophage (D:8)
  8 ogres
  An eye of draining (D:8)
  4 centaurs
  A big kobold (D:8)
  3 crocodiles (D:8)
  8 bullfrogs
  A wyvern skeleton (D:8)
  6 scorpions
  3 wights (D:8)
  3 killer bees (D:10)
  2 howler monkeys (D:10)
  A bullfrog zombie (D:5)
  A lava snake (D:9)
  4 crimson imps
  A centaur zombie (D:10)
  5 hounds
  2 quasits
  5 orc priests
  Crazy Yiuf (D:3)
  5 orc wizards
  3 centaur skeletons
  4 iguanas
  Terence (D:3)
  11 worker ants
  Robin (D:2)
  4 gnolls
  A howler monkey skeleton (D:8)
  6 adders
  A shadow imp (D:9)
  A white imp (D:6)
  2 oozes
  An adder zombie (D:7)
  2 worms
  A dart slug (D:1)
  3 leopard geckos
  38 orcs
  2 giant cockroaches
  11 goblins
  9 hobgoblins
  11 jackals
  10 kobolds
  5 quokkas
  39 bats
  A frilled lizard (D:2)
  A leopard gecko skeleton (D:6)
  A quokka zombie (D:6)
  5 rats
  6 fungi (D:8)
  2 plants (D:8)
285 creatures vanquished.

Vanquished Creatures (others)
  18 fungi (D:8)
  2 plants (D:8)
20 creatures vanquished.

Grand Total: 305 creatures vanquished

Notes
Turn   | Place    | Note
-------+----------+-------------------------------------------
     0 | D:1      | Supahsalami the Draconian Fire Elementalist began the quest for the Orb.
     0 | D:1      | Reached XP level 1. HP: 14/14 MP: 3/3
   592 | D:1      | Reached XP level 2. HP: 20/20 MP: 5/5
  1060 | D:2      | Learned a level 2 spell: Throw Flame
  1107 | D:2      | Found a shattered altar of Ashenzari.
  1119 | D:2      | Reached XP level 3. HP: 26/26 MP: 2/6
  1162 | D:2      | Learned a level 3 spell: Conjure Flame
  1233 | D:2      | Noticed Robin
  1596 | D:2      | Killed Robin
  1596 | D:2      | Reached XP level 4. HP: 12/33 MP: 1/8
  2207 | D:2      | Found an iron altar of Okawaru.
  2281 | D:3      | Noticed Terence
  3002 | D:3      | Noticed an ice beast
  3325 | D:3      | Found a hazy altar of Hepliaklqana.
  3336 | D:3      | Killed Terence
  3336 | D:3      | Reached XP level 5. HP: 19/38 MP: 0/10
  3622 | D:3      | Killed an ice beast
  3754 | D:3      | Found a runed door.
  3827 | D:3      | Found a stormy altar of Qazlal.
  4101 | D:3      | Noticed Crazy Yiuf
  4338 | D:4      | Reached XP level 6. HP: 42/45 MP: 4/12
  4625 | D:4      | Noticed Duvessa
  4625 | D:4      | Noticed Dowan
  4868 | D:4      | Reached skill level 5 in Spellcasting
  4868 | D:4      | Your scales start taking on a fiery red colour.
  4868 | D:4      | Reached skill level 5 in Fire Magic
  4868 | D:4      | Reached XP level 7. HP: 50/50 MP: 2/14
  4868 | D:4      | Gained mutation: Your flesh is heat resistant. (rF+) [Red Draconian growth]
  5072 | D:3      | Killed Crazy Yiuf
  5988 | D:4      | Found a staircase to the Ecumenical Temple.
  5996 | Temple   | Entered the Ecumenical Temple
  6309 | Temple   | Became a worshipper of Vehumet
  6695 | D:5      | Entered Level 5 of the Dungeon
  6695 | D:5      | Found Pamed's Book Shoppe.
  7157 | D:5      | Reached XP level 8. HP: 21/57 MP: 6/17
  7462 | D:5      | Found a bloodstained altar of Trog.
  8170 | D:6      | Reached skill level 5 in Conjurations
  9042 | D:6      | Noticed Prince Ribbit
  9099 | D:7      | Found an ornate altar of the Wu Jian Council.
  9216 | D:7      | Reached * piety under Vehumet
  9216 | D:7      | Offered knowledge of Magic Dart by Vehumet.
  9230 | D:7      | Learned a level 4 spell: Sticky Flame
  9232 | D:7      | Learned a level 1 spell: Magic Dart
  9236 | D:7      | Learned a level 3 spell: Inner Flame
  9242 | D:7      | Learned a level 5 spell: Fireball
  9466 | D:7      | Reached XP level 9. HP: 62/62 MP: 16/20
 10369 | D:7      | Offered knowledge of Throw Frost by Vehumet.
 10580 | D:7      | Found a shadowy altar of Dithmenos.
 10580 | D:7      | Found an opulent altar of Gozag.
 10585 | D:7      | Found a faded altar of an unknown god.
 10587 | D:7      | Found a faded altar of an unknown god.
 10589 | D:7      | Found a hide-covered altar of Uskayaw.
 10951 | D:8      | Reached ** piety under Vehumet
 11134 | D:8      | Found a staircase to the Lair.
 11644 | D:8      | Reached XP level 10. HP: 62/69 MP: 2/22
 11937 | D:8      | Offered knowledge of Ignite Poison by Vehumet.
 12519 | D:8      | Found a shattered altar of Ashenzari.
 12561 | D:8      | Paralysed by a hornet for 3 turns
 13249 | D:9      | Reached skill level 5 in Stealth
 13393 | D:9      | Found a sparkling altar of Nemelex Xobeh.
 13394 | D:9      | Found a transporter.
 13394 | D:9      | Found a glowing golden altar of the Shining One.
 13395 | D:9      | Found a white marble altar of Elyvilon.
 13395 | D:9      | Noticed a fire dragon
 13411 | D:9      | Found a transporter.
 13422 | D:9      | Noticed a two-headed ogre
 13438 | D:9      | Killed a two-headed ogre
 13587 | D:9      | Reached *** piety under Vehumet
 13597 | D:9      | Noticed Joseph
 13850 | D:9      | Noticed Psyche
 13951 | D:9      | Found a shimmering altar of Xom.
 13959 | D:9      | Found a shimmering altar of Xom.
 14046 | D:9      | Killed Joseph
 14046 | D:9      | Reached skill level 5 in Dodging
 14443 | D:9      | Found a shimmering altar of Xom.
 14443 | D:9      | Found a shimmering altar of Xom.
 14444 | D:9      | Found a shimmering altar of Xom.
 14558 | D:9      | Found a runed door.
 14561 | D:9      | Found a sparkling altar of Nemelex Xobeh.
 14563 | D:9      | Offered knowledge of Mephitic Cloud by Vehumet.
 14913 | D:9      | Reached skill level 10 in Spellcasting
 14987 | D:9      | Found a deep blue altar of Sif Muna.
 15024 | D:9      | Reached XP level 11. HP: 75/75 MP: 6/25
 15125 | D:9      | Found a glowing golden altar of the Shining One.
 15134 | D:9      | Reached **** piety under Vehumet
 15166 | D:9      | Offered knowledge of Venom Bolt by Vehumet.
 15184 | D:9      | Learned a level 5 spell: Venom Bolt
 15231 | D:9      | Found a stormy altar of Qazlal.
 15246 | D:9      | Reached skill level 1 in Fighting
 15358 | D:9      | Found a hide-covered altar of Uskayaw.
 15489 | D:9      | Noticed a flayed ghost
 15504 | D:9      | Killed a flayed ghost
 15848 | D:9      | Found an iron altar of Okawaru.
 16043 | D:10     | Entered Level 10 of the Dungeon
 16364 | D:10     | Reached skill level 10 in Fire Magic
 16478 | D:10     | Noticed Josephine
 16658 | D:10     | Paralysed by a hornet for 2 turns
 16664 | D:10     | Slain by a wyvern

Vault maps used:
D:1:      nzn_arrival_settlement, solitary_fountain
D:2:      nicolae_overflow_hidden_temple, ashenzari_altar_1, first_ration,
          minmay_misc_feat_tower, uniq_robin
D:3:      old_standard_altar, old_standard_altar, uniq_terence,
          uniq_crazy_yiuf_cottage
D:4:      minmay_temple_entry_large_hall, uniq_duvessa
D:5:      overflow_temple_1_default, serial_shops, shop_fountains
D:6:      uniq_prince_ribbit1
D:7:      wad_crossroads, old_standard_altar,
          chequers_temple_overflow_minitemple
D:8:      due_lair_maze_entry_diamond, basic_altar, grunt_ogre_cave,
          minmay_misc_feat_tiny
D:9:      due_megacathedral, xom_redecorated, gammafunk_temple_overflow_arena,
          kennysheep_big_empty_room, uniq_psyche, uniq_joseph
D:10:     uniq_sonja, uniq_nergalle, uniq_josephine
Temple:   compressed_dpeg_triangle_lava_temple

Skill      XL: |  1  2  3  4  5  6  7  8  9 10 11 |
---------------+----------------------------------+-----
Conjurations   | 2 3 4 5 6 7 |  7.9
Spellcasting   | 3 4 5 6 7 8 10 | 10.1
Fire Magic     | 4 5 6 7 8 9 10 | 10.0
Dodging        | 2 4 5 |  5.7
Stealth        | 3 4 5 6 |  6.0
Fighting       | 2 |  2.3

Action                   |  1- 3 |  4- 6 |  7- 9 | 10-12 || total
-------------------------+-------+-------+-------+-------++-------
Melee: Whip              |    19 |       |       |       ||    19
       Unarmed           |     4 |       |       |       ||     4
       Tailslap          |     2 |     4 |    12 |    10 ||    28
       Spear             |    28 |    65 |     2 |       ||    95
       Quarterstaff      |       |       |   104 |    80 ||   184
       Trident           |       |       |       |    26 ||    26
Throw: Javelin           |    17 |     1 |    14 |     1 ||    33
       Tomahawk          |     8 |       |     5 |       ||    13
 Cast: Flame Tongue      |    32 |    47 |   142 |    27 ||   248
       Throw Flame       |    12 |    47 |   133 |   174 ||   366
       Conjure Flame     |     2 |     9 |    12 |     5 ||    28
       Inner Flame       |       |       |     1 |     4 ||     5
       Magic Dart        |       |       |     9 |    57 ||    66
       Fireball          |       |       |       |    16 ||    16
       Venom Bolt        |       |       |       |     1 ||     1
       Sticky Flame      |       |       |       |     1 ||     1
 Abil: Breathe Fire      |       |       |     8 |     8 ||    16
Evoke: Wand              |       |       |       |     1 ||     1
  Use: Potion            |     1 |     1 |     1 |     2 ||     5
       Scroll            |       |     4 |     1 |     1 ||     6
 Stab: Sleeping          |     1 |     3 |     2 |     1 ||     7
       Distracted        |     1 |       |       |       ||     1
       Paralysed         |       |       |     5 |       ||     5
  Eat: Chunk             |     3 |     6 |    15 |    20 ||    44
       Ration            |       |     2 |     3 |       ||     5
Armor: Skin              |    24 |    33 |    77 |   109 ||   243
Dodge: Dodged            |    61 |    52 |   111 |   203 ||   427

Table legend:
 A = Spawn XP
 B = Non-spawn XP
 C = Spawn XP percentage of total XP
 D = Spawn monster count
 E = Non-spawn monster count
 F = Spawn count percentage of total count
 G = Total turns spent on level
                    A         B        C        D         E        F      G
               +---------+---------+-------+---------+---------+-------+---------
         Total |       0 |   13643 |   0.0 |       0 |     277 |   0.0 | 16664
               +---------+---------+-------+---------+---------+-------+---------
           D:1 |       0 |      41 |   0.0 |       0 |      20 |   0.0 |  1423
           D:2 |       0 |     129 |   0.0 |       0 |      23 |   0.0 |  1693
           D:3 |       0 |     515 |   0.0 |       0 |      21 |   0.0 |  1925
           D:4 |       0 |     494 |   0.0 |       0 |      13 |   0.0 |  1390
           D:5 |       0 |     535 |   0.0 |       0 |       9 |   0.0 |  1389
           D:6 |       0 |     532 |   0.0 |       0 |      14 |   0.0 |   924
           D:7 |       0 |    1953 |   0.0 |       0 |      44 |   0.0 |  2123
           D:8 |       0 |    2945 |   0.0 |       0 |      49 |   0.0 |  2350
           D:9 |       0 |    5555 |   0.0 |       0 |      68 |   0.0 |  2764
          D:10 |       0 |     944 |   0.0 |       0 |      16 |   0.0 |   354
               +---------+---------+-------+---------+---------+-------+---------
